 Dungeon Crawl Stone Soup version 0.30-a0-154-gb106f4c828 (webtiles) character file.

Game seed: 3008320730330411143

35 Aibolit the Sneak (level 3, -2/27 HPs)
             Began as a Vampire Brigand on Sept 27, 2022.
             Slain by Terence
             ... wielding a +0 morningstar
              (12 damage)
             ... on level 2 of the Dungeon.
             The game lasted 00:03:22 (1270 turns).

Aibolit the Sneak (Vampire Brigand)                 Turns: 1270, Time: 00:03:22

Health: -2/27      AC:  4    Str: 10    XL:     3   Next: 17%
Magic:  3/3        EV: 12    Int: 13    God:
Gold:   39         SH:  0    Dex: 17    Spells: 2/2 levels left

rFire   . . .      SeeInvis +    m - +0 short sword
rCold   . . .      Faith    .    (no shield)
rNeg    . . .      Spirit   .    b - +0 robe
rPois   .          Reflect  .    (no helmet)
rElec   .          Harm     .    c - +0 cloak
rCorr   .          Rampage  .    l - +0 pair of gloves
Will    .....                    (no boots)
Stlth   ++++......               (no amulet)
HPRegen 0.29/turn                (no ring)
MPRegen 0.08/turn                (no ring)

@: healing quickly
A: alive, fangs 3, see invisible, vampiric 2
a: Exsanguinate


You were on level 2 of the Dungeon.
You visited 1 branch of the dungeon, and saw 2 of its levels.

You collected 39 gold pieces.

Inventory:

Hand Weapons
 a - a +2 dagger
 f - a +0 lajatang
 m - a +0 short sword (weapon)
Armour
 b - a +0 robe (worn)
 c - a +0 cloak (worn)
 l - a +0 pair of gloves (worn)
Scrolls
 g - a scroll of fear {unknown}
 h - 5 scrolls of identify {unknown}
 i - 2 scrolls of enchant armour {unknown}
Potions
 d - a potion of flight {unknown}
 j - 2 potions of heal wounds {unknown}


   Skills:
 + Level 1.9 Fighting
 + Level 2.5 Short Blades
 - Level 1.5 Throwing
 * Level 2.0 Dodging
 + Level 6.8 Stealth


You had 2 spell levels left.
You didn't know any spells.
Your spell library was empty.

Dungeon Overview and Level Annotations

Branches:
Dungeon (2/15)

Altars:

Annotations:
D:2 Terence


Innate Abilities, Weirdness & Mutations

Your natural rate of healing is accelerated.
You have razor-sharp teeth.
You have supernaturally acute eyesight. (SInv)
You are afflicted with vampirism and can become a bat while bloodless.


Message History

The jackal bites you but does no damage.
You hit the jackal but do no damage. The jackal misses you.
You closely miss the jackal. The jackal misses you.
You hit the jackal. You bite the jackal.
You kill the jackal!
You closely miss the jackal. You bite the jackal.
The jackal is severely wounded.
The jackal misses you.
You hit the jackal.
The jackal is almost dead.
The jackal barely misses you.
You hit the jackal.
You kill the jackal!
The bat hits you but does no damage. The bat barely misses you.
You closely miss the bat. The bat hits you.
You hit the bat.
The bat is heavily wounded.
The bat misses you.
You hit the bat.
You kill the bat!
You barely miss the jackal. Your bite misses the jackal. The jackal bites you.
You closely miss the jackal. The jackal bites you.
You hit the jackal but do no damage. Your bite misses the jackal.
The jackal barely misses you.
You closely miss the jackal.
The jackal bites you but does no damage.
You hit the jackal but do no damage. The jackal barely misses you.
The jackal bites you but does no damage.
You hit the jackal.
The jackal is almost dead.
The jackal barely misses you.
You closely miss the jackal.
The jackal is almost dead.
The jackal barely misses you.
You hit the jackal.
You kill the jackal!
Your Dodging skill increases to level 2!
You barely miss Terence. Terence hits you with a +0 morningstar!
You hit Terence but do no damage. Terence hits you with a +0 morningstar!
You die...

S.... .... ... ## ..
...####### .######
....<....# #.....
######.#.###########..##
#..........@@.....#
###.###########..##
#.###########..#
#...........#..#
#########......#
##......####?..
#.[............
#.......#####..
#.......#


You could see Terence.

Vanquished Creatures
  A giant cockroach (D:1)
  4 goblins (D:1)
  2 hobgoblins (D:1)
  6 jackals (D:2)
  2 quokkas (D:1)
  7 ball pythons (D:1)
  4 bats
  2 frilled lizards (D:1)
  2 kobolds (D:1)
  4 rats
34 creatures vanquished.

Notes
Turn   | Place    | Note
-------+----------+-------------------------------------------
     0 | D:1      | Aibolit the Vampire Brigand began the quest for the Orb.
     0 | D:1      | Reached XP level 1. HP: 16/16 MP: 1/1
    36 | D:1      | Reached skill level 6 in Stealth
   186 | D:1      | Reached XP level 2. HP: 22/22 MP: 2/2
  1210 | D:2      | Noticed Terence
  1216 | D:2      | Gained mutation: You are afflicted with vampirism and can
                  | become a bat while bloodless. [Vampire growth]
  1216 | D:2      | Reached XP level 3. HP: 20/27 MP: 3/3
  1270 | D:2      | Slain by Terence

Illustrated notes

Levels and vault maps discovered:
D:1:      dpeg_chamrin_arrival_tetris, layout_basic
D:2:      layout_loops_ring, hellmonk_ecumenical_altar_leap_of_faith,
          minivault_26, uniq_terence, uniq_crazy_yiuf_cottage

Skill      XL: |  1  2  3 |
---------------+----------+-----
Stealth        | 6 |  6.8
Dodging        | 2 |  2.0
Fighting       | |  1.9
Short Blades   | |  2.5
Throwing       | |  1.5

Action                   || total
-------------------------++-------
Melee: Dagger            ||    26
       Punch             ||     1
       Short sword       ||    41
       Bite              ||     3
Throw: Dart              ||    52
 Stab: Sleeping          ||     3
Armor: Robe              ||    37
Dodge: Dodged            ||    66

Table legend: (Time is in decaauts)
 A = Elapsed time spent in this place.
 B = Non-inter-level travel time spent in this place.
 C = Inter-level travel time spent in this place.
 D = Time resting spent in this place.
 E = Time spent auto-exploring this place.
 F = Levels seen in this place.
 G = Mean time per level.
                   A        B        C        D        E       F      G
               +--------+--------+--------+--------+--------+-----+--------+
         Total |   1257 |   1156 |    101 |      0 |    939 |   2 |  628.5 |
       Dungeon |   1257 |   1156 |    101 |      0 |    939 |   2 |  628.5 |
               +--------+--------+--------+--------+--------+-----+--------+

Top non-repeatable levels by time:
     D:1: 1160 daAuts
     D:2: 97 daAuts
